AoeStats
← Φ Lechero

Nomad

509678939Analyzed
4v4 RM · 4d ago on Sep 27, 2026· 65m 54s· 8 players
Game mode
Random Map
Map size
231×231
Population
200
Speed
Normal
Resources
Standard
Victory
Conquest
Starting age
Dark Age
Ending age
Imperial Age
RankedLock teamsTeams togetherTeam positionsShared explorationLock speedFull tech treeHidden civsTurbo modeCheats
Victory
Defeat
🇬🇧 Malay · United Kingdom
1004
+15
🇦🇹 Inca · Austria
1003
+15
🇫🇷 Cumans · France
991
+16
🇩🇪 Dravidians · Germany
991
+16
🇹🇼 Spanish · Taiwan
1033
-17
🇸🇪 Varangians · Sweden
998
-16
🇸🇪 Persians · Sweden
975
-15
🇩🇰 Danes · Denmark
958
-14
Mr.MoneyBoy
3:56 Loom
15:29 Feudal Age
15:58 Fishing Lines
16:42 Double-Bit Axe
16:56 Gold Mining
16:58 Stone Mining
23:50 Castle Age
23:07 Horse Collar
24:44 Medium Warships
24:26 Gillnets
24:42 Town Watch
25:32 Wheelbarrow
26:18 Heavy Plow
26:28 Bow Saw
26:53 Gold Shaft Mining
26:54 Stone Shaft Mining
31:49 Scale Mail Armor
35:11 Forging
34:52 Fletching
35:43 Hand Cart
36:50 Iron Casting
37:04 Ballistics
37:45 Squires
37:49 Andean Sling
38:32 Chain Mail Armor
38:13 Bodkin Arrow
38:01 Treadmill Crane
38:32 Masonry
39:41 Town Patrol
39:47 Murder Holes
42:59 Imperial Age
44:11 Plate Mail Armor
44:41 Blast Furnace
43:43 Fabric Shields
44:04 Conscription
43:07 Elite Kamayuk
44:23 Hoardings
43:53 Bracer
48:08 Chemistry
47:14 Siege Engineers
50:30 Crop Rotation
55:58 Arson
Donald Trump
5:59 Loom
13:34 Feudal Age
15:55 Horse Collar
23:55 Castle Age
24:26 Wheelbarrow
23:59 Scale Barding Armor
24:06 Forging
24:29 Bloodlines
26:42 Chain Barding Armor
30:22 Capped Ram
33:32 Iron Casting
61:22 Steppe Husbandry
Φ Lechero
15:27 Feudal Age
16:51 Double-Bit Axe
19:18 Loom
20:11 Wheelbarrow
23:05 Castle Age
22:05 Forging
28:35 Hand Cart
29:10 Man-at-Arms
29:36 Gambesons
29:51 Squires
29:37 Arson
30:16 Long Swordsman
31:29 Gold Mining
34:35 Imperial Age
33:19 Iron Casting
32:45 Scale Mail Armor
35:10 Chain Mail Armor
35:24 Two-Handed Swordsman
36:57 Conscription
37:19 Ballistics
37:59 Chemistry
38:15 Pikeman
40:01 Halberdier
40:24 Champion
45:17 Blast Furnace
44:14 Fletching
52:15 Wootz Steel
52:24 Stone Mining
52:50 Bow Saw
56:02 Town Watch
58:08 Medical Corps
57:26 Elite Urumi Swordsman
58:44 Caravan
58:50 Horse Collar
60:15 Two-Man Saw
59:50 Plate Mail Armor
59:15 Bodkin Arrow
59:21 Padded Archer Armor
63:05 Spies/Treason
Horahlooks
5:43 Loom
13:03 Loom
16:29 Feudal Age
17:43 Fishing Lines
20:06 Castle Age
19:25 Forging
20:11 Double-Bit Axe
21:42 Bow Saw
22:14 Medium Warships
25:59 Wheelbarrow
25:09 Town Watch
25:11 Horse Collar
29:27 Clinker Construction
32:17 Heavy Plow
33:16 Hand Cart
34:00 Squires
33:45 Arson
34:37 Iron Casting
34:02 Gillnets
37:43 Imperial Age
37:32 Conscription
37:15 Thalassocracy
38:22 Scale Barding Armor
39:17 Blast Furnace
39:03 Pikeman
40:13 Husbandry
40:31 Elite Battle Elephant
40:48 Halberdier
42:56 Chemistry
48:36 Crop Rotation
51:34 Elite Karambit Warrior
53:18 Gold Mining
53:18 Stone Mining
56:15 Forced Levy
62:50 Spies/Treason
Shusai
13:35 Feudal Age
15:27 Wheelbarrow
21:36 Castle Age
22:24 Hand Cart
24:52 Double-Bit Axe
27:26 Pikeman
32:54 Kamandaran
33:02 Kamandaran
34:08 Murder Holes
34:39 Bow Saw
34:11 Horse Collar
36:22 Fletching
36:33 Padded Archer Armor
36:41 Scale Barding Armor
36:58 Heavy Plow
38:50 Crossbowman
41:01 Bodkin Arrow
41:08 Padded Archer Armor
42:26 Thumb Ring
45:11 Forging
46:35 Ballistics
46:35 Squires
51:42 Imperial Age
50:50 Leather Archer Armor
50:56 Chain Barding Armor
53:32 Ring Archer Armor
yellowpig
5:45 Loom
Thetoymaker8700S
5:41 Loom
15:43 Feudal Age
16:47 Town Watch
19:13 Fishing Lines
21:59 Forging
26:25 Bloodlines
31:24 Castle Age
45:57 Double-Bit Axe
48:05 Wheelbarrow
48:03 Squires
47:51 Arson
49:33 Gold Mining
49:34 Stone Mining
51:54 Pikeman
53:25 Horse Collar
53:50 Scale Mail Armor
54:26 Iron Casting
THAI-MING
7:26 Loom
14:39 Feudal Age
15:16 Double-Bit Axe
15:12 Horse Collar
15:36 Gold Mining
20:20 Castle Age
21:51 Bow Saw
21:43 Heavy Plow
22:24 Wheelbarrow
24:20 Hand Cart
26:21 Pikeman
27:44 Town Watch
29:52 Bloodlines
29:43 Husbandry
30:18 Scale Barding Armor
30:23 Forging
30:09 Stone Mining
30:21 Town Patrol
33:26 Chain Barding Armor
33:42 Iron Casting
33:34 Vendel Legacy
37:34 Murder Holes
38:01 Ballistics
42:29 Stone Shaft Mining
43:44 Scale Mail Armor
46:21 Imperial Age
43:36 Treadmill Crane
44:08 Fortified Wall
44:56 Chain Mail Armor
44:45 Squires
47:34 Plate Mail Armor
48:05 Blast Furnace
46:40 Elite Varangian Guard
47:23 Gothikon
48:17 Halberdier
48:55 Elite Varangian Guard
51:36 Two-Man Saw
52:23 Conscription
52:39 Man-at-Arms
53:05 Gambesons
54:18 Cavalier
Connection lost

Rejoining the realm…

Still unreachable

The connection could not be restored.

Session expired

The server has moved on; the page needs a fresh start.